 Dungeon Crawl Stone Soup version 0.30-a0-141-g30f27751c5 (webtiles) character file.

Game seed: 18444516764610784911

85 qw the Chopper (level 4, -3/28 HPs)
             Began as a Gargoyle Fighter on Sept 25, 2022.
             Slain by Robin
             ... wielding a +0 trident
              (4 damage)
             ... on level 2 of the Dungeon.
             The game lasted 00:00:46 (1598 turns).

qw the Chopper (Gargoyle Fighter)                   Turns: 1598, Time: 00:00:46

Health: -3/28      AC: 10    Str: 22    XL:     4   Next: 48%
Magic:  4/4        EV:  9    Int:  8    God:
Gold:   27         SH:  4    Dex:  9    Spells: 3/3 levels left

rFire   . . .      SeeInvis .    Y - +0 war axe
rCold   . . .      Faith    .    c - +0 buckler
rNeg    + . .      Spirit   .    b - +0 scale mail
rPois   inf        Reflect  .    (no helmet)
rElec   +          Harm     .    (no cloak)
rCorr   .          Rampage  .    (no gloves)
Will    .....                    (no boots)
Stlth   ..........               (no amulet)
HPRegen 0.09/turn                (no ring)
MPRegen 0.09/turn                (no ring)

@: no status effects
A: sickness immunity, AC +3, negative energy resistance 1, electricity
resistance, torment resistance 1, petrification resistance
a: no special abilities


You were on level 2 of the Dungeon.
You visited 1 branch of the dungeon, and saw 2 of its levels.

You collected 27 gold pieces.


Innate Abilities, Weirdness & Mutations

You are immune to sickness and miasma.
Your stone body is resilient. (AC +3)
You are immune to poison.
You resist negative energy. (rN+)
You are resistant to electric shocks. (rElec)
You are resistant to unholy torment.
You are immune to petrification.


   Skills:
 - Level 3.2 Fighting
 + Level 4.1 Axes
 - Level 3.2 Armour
 - Level 3.2 Shields


You had 3 spell levels left.
You didn't know any spells.
Your spell library was empty.

Inventory:

Hand Weapons
 h - a +0 whip
 Y - a +0 war axe (weapon)
Armour
 b - a +0 scale mail (worn)
 c - a +0 buckler (worn)
 g - a +0 chain mail
Scrolls
 a - a scroll of blinking {unknown}
 i - a scroll of immolation {unknown}
Potions
 d - a potion of might
 e - a potion of haste {unknown}
 f - a potion of lignification {unknown}

Dungeon Overview and Level Annotations

Branches:
Dungeon (2/15)

Altars:

Annotations:
D:2 Robin


Message History

The hobgoblin barely misses you.
You hit the hobgoblin.
The hobgoblin is moderately wounded.
The goblin no longer looks unusually strong.
The hobgoblin hits you but does no damage.
Robin throws the goblin at you! The hobgoblin barely misses you.
The goblin misses you.
You slash the hobgoblin!
You kill the hobgoblin!
You closely miss the goblin.
The goblin no longer looks unusually strong.
Robin throws the goblin at you! The goblin barely misses you.
The goblin hits you with a +0 dagger.
You hit the goblin.
The goblin is heavily wounded.
You hit the goblin.
The hobgoblin no longer looks unusually strong.
Robin roars a battlecry!
The goblins go into a battle-frenzy!
The goblin hits you with a +0 dagger. The goblin completely misses you.
The goblin closely misses you. The goblin hits you but does no damage.
You closely miss the goblin.
The goblin is heavily wounded.
You hit the goblin.
You kill the goblin!
Robin throws the goblin at you! The goblin closely misses you.
The goblin barely misses you.
You hit the goblin.
You kill the goblin!
You miss the goblin. The goblin hits you but does no damage.
You hit the hobgoblin.
You kill the hobgoblin!
You closely miss the goblin. Robin closely misses you.
The goblin hits you with a +0 club.
You barely miss the hobgoblin. You hit the goblin.
Robin hits you from afar with a +0 trident.
The goblin hits you but does no damage. You block the hobgoblin's attack.
Robin hits you from afar with a +0 trident.
You die...

####.........#...##############.#
#........%#.### ###.#
#.........%.# ###...#
#.########### #...### #.#
#######.#.... #.# ####
#.......#.### #.# .....
#......##...# #.#
....!.######......####.# #.#
.....gg@g..'............ #.#
.....g######.........#.# ####.#
..... #.........)..#.. ..... ....
##.#####......### #### ... ##..#
#......# ###### ##
#+##..######......### #....#
#.#..#%..............
.....########.#)##.###.........#.
.....'......#.#.##.# #...#.###.#.


You could see Robin, 2 hobgoblins and a goblin (strong).

Vanquished Creatures
  An adder (D:2)
  3 worms (D:2)
  2 dart slugs
  4 bats (D:1)
  2 endoplasms (D:2)
  5 giant cockroaches
  7 goblins
  7 hobgoblins
  3 jackals (D:2)
  3 quokkas
  4 ball pythons
  3 frilled lizards
  5 kobolds (D:1)
  10 rats
59 creatures vanquished.

Notes
Turn   | Place    | Note
-------+----------+-------------------------------------------
     0 | D:1      | qw the Gargoyle Fighter began the quest for the Orb.
     0 | D:1      | Reached XP level 1. HP: 14/14 MP: 1/1
     0 | D:1      | 0 ||| qw: Version: 0.2-a-10-g399e6c4
     0 | D:1      | 0 ||| qw: Game counter: 265
     0 | D:1      | 0 ||| qw: Always use a shield: true
     0 | D:1      | 0 ||| qw: God list: Okawaru
     0 | D:1      | 0 ||| qw: Allow faded altars: false
     0 | D:1      | 0 ||| qw: Do Orc after D:15 true
     0 | D:1      | 0 ||| qw: Do second Lair branch before Depths: true
     0 | D:1      | 0 ||| qw: Lair rune preference: random
     0 | D:1      | 0 ||| qw: Plans: Normal, Zot:1-4, God:TSO, Crypt, Tomb,
                  | Pan, Slime:5, Hells, Abyss, Orb
     0 | D:1      | 0 ||| PLANNING D:1-11
    60 | D:1      | Reached skill level 2 in Axes
   200 | D:1      | 200 ||| DROPPING +0 club.
   250 | D:1      | Reached XP level 2. HP: 19/19 MP: 2/2
   566 | D:1      | 566 ||| Stepping ~*~*~tactically~*~*~ (stealth).
   567 | D:1      | 567 ||| Stepping ~*~*~tactically~*~*~ (stealth).
   577 | D:1      | 577 ||| Stepping ~*~*~tactically~*~*~ (stealth).
   578 | D:1      | 578 ||| Stepping ~*~*~tactically~*~*~ (stealth).
   579 | D:1      | 579 ||| Stepping ~*~*~tactically~*~*~ (stealth).
   587 | D:1      | 587 ||| Stepping ~*~*~tactically~*~*~ (stealth).
   589 | D:1      | 589 ||| Stepping ~*~*~tactically~*~*~ (stealth).
   619 | D:1      | Reached skill level 3 in Axes
   858 | D:1      | 858 ||| READING scroll labelled CONUQYPH VOVASS.
   893 | D:2      | 893 ||| Stepping ~*~*~tactically~*~*~ (stealth).
   901 | D:2      | Reached XP level 3. HP: 22/23 MP: 3/3
   902 | D:2      | 902 ||| Stepping ~*~*~tactically~*~*~ (stealth).
   924 | D:2      | 924 ||| Stepping ~*~*~tactically~*~*~ (stealth).
   925 | D:2      | 925 ||| STAIRDANCE
  1377 | D:2      | Reached XP level 4. HP: 28/28 MP: 4/4
  1481 | D:2      | Reached skill level 4 in Axes
  1513 | D:2      | 1513 ||| Stepping ~*~*~tactically~*~*~ (stealth).
  1578 | D:2      | Noticed Robin
  1594 | D:2      | HP: 4/28 [goblin/+0 dagger[Robin] (5)]
  1598 | D:2      | HP: 1/28 [Robin/+0 trident (1)]
  1598 | D:2      | Slain by Robin

Levels and vault maps discovered:
D:1:      minmay_arrival_semitransparent, layout_rooms, serial_aquarium,
          aquarium_bridge_long_joined [aquarium_subvault_window,
          aquarium_subvault_wall, aquarium_subvault_bridge,
          aquarium_subvault_wall, aquarium_subvault_bridge,
          aquarium_subvault_wall], aquarium_window_1, aquarium_window_double,
          aquarium_window_corner, aquarium_window_fake, aquarium_view_2e,
          aquarium_balcony_5a
D:2:      layout_basic, chequers_serial_rivers_micro_d, uniq_robin

Skill      XL: |  1  2  3  4 |
---------------+-------------+-----
Axes           | 2 3 4 |  4.1
Fighting       | |  3.2
Armour         | |  3.2
Shields        | |  3.2

Action                   |  1- 3 |  4- 6 || total
-------------------------+-------+-------++-------
Melee: War axe           |   131 |    41 ||   172
  Use: Scroll            |     1 |       ||     1
Armor: Scale mail        |    66 |    26 ||    92
Dodge: Dodged            |    55 |    24 ||    79
Block: Buckler           |    17 |     7 ||    24

Table legend:
 A = Non-vault XP
 B = Vault XP
 C = Vault XP percentage of total XP
 D = Non-vault monster count
 E = Vault monster count
 F = Vault count percentage of total count
                 A         B        C        D         E       F
            +---------+---------+-------+---------+---------+-------
      Total |     106 |      16 |  13.1 |      51 |       8 |  13.6
            +---------+---------+-------+---------+---------+-------
        D:1 |      35 |       0 |   0.0 |      23 |       0 |   0.0
        D:2 |      71 |      16 |  18.4 |      28 |       8 |  22.2
            +---------+---------+-------+---------+---------+-------
